 Dungeon Crawl Stone Soup version 0.15.2 (console) character file.

1348 jiiz the Shield-Bearer (level 8, -3/64 HPs)
             Began as a Formicid Fighter on Feb 5, 2015.
             Was a Priest of Dithmenos.
             Killed from afar by Blork the orc (19 damage)
             ... with a puff of frost
             ... on Level 4 of the Dungeon.
             The game lasted 00:31:59 (7370 turns).

jiiz the Shield-Bearer (Formicid Fighter)           Turns: 7370, Time: 00:31:59

HP  -3/64        AC 11     Str 18      XL: 8   Next: 94%
MP  11/11        EV  6     Int 11      God: Dithmenos [***...]
Gold 190         SH 10     Dex  5 (10) Spells:  0 memorised,  7 levels left

rFire  + . .     SeeInvis +     (no weapon)
rCold  x . .     Clarity  .     d - +2 chain mail {MR+}
rNeg   . . .     rCorr    .     c - +0 shield
rPois  .         rRot     .     (helmet unavailable)
rElec  .         Spirit   .     (no cloak)
SustAb .         Warding  .     (no gloves)
rMut   .         Stasis   +     (no boots)
Gourm  .                        (no amulet)
MR     ++...                    (no ring)
                                m - ring of fire

@: flying, wreathed by umbra, very resistant to hostile enchantments, extremely
unstealthy
A: permanent stasis, dig shafts and tunnels, four strong arms, antennae 3, magic
resistance 1, weak 1, wild magic 1
a: Dig, Shaft Self, Shadow Step, Renounce Religion


You were on level 4 of the Dungeon.
You worshipped Dithmenos.
Dithmenos was most pleased with you.
You were hungry.

You visited 1 branch of the dungeon, and saw 5 of its levels.

You collected 190 gold pieces.

Inventory:

Hand weapons
 b - a +3 great sword
 C - a +0 dire flail
Missiles
 j - 20 poisoned needles (quivered)
Armour
 c - a +0 shield (worn)
 d - a +2 chain mail of magic resistance (worn)
 D - a +3 leather armour of magic resistance
Magical devices
 f - a wand of draining (3)
 A - a wand of cold (0)
Comestibles
 p - 2 meat rations
 q - a royal jelly
 r - a bread ration
 t - a slice of pizza
 u - a beef jerky
Scrolls
 a - a scroll of noise
 n - a scroll of recharging
 s - 2 scrolls of remove curse
 v - a scroll of enchant armour
Jewellery
 m - a ring of fire (left hand)
 o - an uncursed amulet of resist corrosion {unknown}
Potions
 e - a potion of might
 g - 3 potions of haste
 k - a potion of cancellation
 w - a potion of berserk rage {unknown}
 z - a potion of agility {unknown}
Books
 l - a book of Flames

   Spells                             Type                      Level
   Flame Tongue                       Conjuration/Fire             1
   Throw Flame                        Conjuration/Fire             2
   Conjure Flame                      Conjuration/Fire             3
   Inner Flame                        Hexes/Fire                   3
   Sticky Flame                       Conjuration/Fire             4
   Fireball                           Conjuration/Fire             5
   Dithmenos disapproves of the use of such an item.


   Skills:
 + Level 5.7 Fighting
 + Level 0.2 Long Blades
 + Level 4.8 Maces & Flails
 + Level 5.3 Armour
 + Level 3.3 Dodging
 + Level 0.6 Stealth
 + Level 7.7 Shields
 + Level 0.6 Unarmed Combat


You had 7 spell levels left.
You didn't know any spells.

Dungeon Overview and Level Annotations

Branches:
Dungeon (5/15)
 Temple: D:4-7

Altars:
Dithmenos
Nemelex Xobeh
The Shining One

Annotations:
D:4 Blork the orc
D:5 Eustachio


Innate Abilities, Weirdness & Mutations

Your are under a permanent stasis effect.
You can dig through walls and to a lower floor.
Your four strong arms can wield two-handed weapons with a shield.
You have a pair of large antennae on your head (SInv).
You are resistant to hostile enchantments.
You are weak. (Str -2)
Your spells are a little harder to cast, but a little more powerful.


Message History

You block the hobgoblin's attack.
You hit the hobgoblin.
The hobgoblin is moderately wounded.
You block the hobgoblin's attack. x2
Blork the orc's eyes start to glow.
The hobgoblin hits you.
* * * LOW HITPOINT WARNING * * *
Blork the orc hits you but does no damage.
The hobgoblin hits you but does no damage.
The hobgoblin barely misses you.
Blork the orc casts a spell.
You feel troubled.
Blork the orc screams, "I'm going to kill you!"
Blork the orc gestures wildly while chanting.
Blork the orc seems to speed up.
Blork the orc becomes somewhat translucent.
There is a stone staircase leading up here.
Blork the orc points at you and mumbles some strange words.
The puff of frost hits you!
You feel a terrible chill!
You die...

.....#....%...## #######.##..(
>.######......>## #............
### ###.###..## #............
##### ### ##..####....#..##.#.
....#### #....#....###.####.
.......## ##........##.....#..
........# #................#..
.......## #..........'.._.....
......## ##..@.............##.
.....## #.g........#......##.
....## ####..........####.####.
..### ###.#o<..........###.#.#..
.## ###.......##................
.## ##........###................
..###.........####...........###.
#.#............# ##..........##..
#..............# ######.#####...


You could see Blork the orc and a hobgoblin.

Vanquished Creatures
  Edmund (D:4)
  A sky beast (D:5)
  An ice beast (D:5)
  A giant frog (D:4)
  A scorpion (D:4)
  2 crimson imps
  5 wights (D:5)
  3 hounds
  2 iguanas (D:5)
  A giant frog skeleton (D:5)
  2 orc wizards (D:5)
  4 worker ants
  Ijyb (D:4)
  Terence (D:2)
  2 adders
  7 gnolls (D:4)
  A green rat (D:3)
  2 shadow imps (D:5)
  2 giant mites
  3 worms
  An ooze (D:1)
  20 orcs
  3 ball pythons
  A bat skeleton (D:4)
  3 giant cockroaches
  10 goblins
  10 hobgoblins
  3 quokkas
  17 bats
  3 giant geckos
  4 giant newts
  A goblin skeleton (D:4)
  A goblin zombie (D:4)
  4 hobgoblin zombies (D:4)
  4 jackals
  19 kobolds
  2 kobold skeletons (D:4)
  2 kobold zombies (D:4)
  2 orc zombies (D:4)
  15 rats
168 creatures vanquished.

Vanquished Creatures (others)
  A bat (D:5)
1 creature vanquished.

Grand Total: 169 creatures vanquished

Notes
Turn   | Place    | Note
--------------------------------------------------------------
     0 | D:1      | jiiz, the Formicid Fighter, began the quest for the Orb.
     0 | D:1      | Reached XP level 1. HP: 18/18 MP: 1/1
   142 | D:1      | Reached XP level 2. HP: 24/24 MP: 3/3
   521 | D:1      | Reached skill level 4 in Shields
   585 | D:1      | Reached XP level 3. HP: 24/30 MP: 4/4
  1455 | D:2      | Noticed Terence
  1488 | D:2      | Killed Terence
  1488 | D:2      | Reached XP level 4. HP: 20/37 MP: 5/5
  1903 | D:2      | Found a shadowy altar of Dithmenos.
  1904 | D:2      | Found a sparkling altar of Nemelex Xobeh.
  1916 | D:2      | Became a worshipper of Dithmenos the Shadowed
  2214 | D:3      | Reached skill level 1 in Dodging
  2310 | D:3      | Reached XP level 5. HP: 24/42 MP: 7/7
  3074 | D:4      | Found a glowing golden altar of the Shining One.
  3727 | D:4      | Reached skill level 5 in Shields
  3727 | D:4      | Reached XP level 6. HP: 19/49 MP: 8/8
  4139 | D:4      | Noticed Edmund
  4171 | D:4      | Killed Edmund
  4192 | D:4      | Reached XP level 7. HP: 35/55 MP: 9/9
  4304 | D:4      | Noticed Ijyb
  4319 | D:4      | Killed Ijyb
  4319 | D:4      | Acquired Dithmenos' first power
  4435 | D:4      | Reached skill level 5 in Fighting
  4608 | D:4      | Reached skill level 6 in Shields
  4912 | D:5      | Entered Level 5 of the Dungeon
  5042 | D:5      | Reached XP level 8. HP: 19/63 MP: 11/11
  5253 | D:5      | Found a shadowy altar of Dithmenos.
  5447 | D:5      | Reached skill level 7 in Shields
  5452 | D:5      | Reached skill level 5 in Armour
  5509 | D:5      | Noticed Eustachio
  7302 | D:5      | Noticed Blork the orc
  7323 | D:4      | Gained mutation: You are weak. (Str -2) [potion of mutation]
  7323 | D:4      | Gained mutation: You are resistant to hostile enchantments. [potion of mutation]
  7323 | D:4      | Gained mutation: Your spells are a little harder to cast, but a little more powerful. [potion of mutation]
  7341 | D:4      | Acquired Dithmenos' second power
  7370 | D:4      | Killed from afar by Blork the orc

Action                   |  1- 3 |  4- 6 |  7- 9 || total
-------------------------+-------+-------+-------++-------
Melee: Flail             |   113 |   251 |       ||   364
       Dire flail        |       |     3 |   273 ||   276
       Unarmed           |       |       |   184 ||   184
       Great sword       |       |       |    45 ||    45
 Abil: Dig               |       |       |     4 ||     4
Evoke: Wand              |       |     1 |     6 ||     7
  Use: Scroll            |     1 |     7 |     7 ||    15
       Potion            |       |       |     5 ||     5
  Eat: Bread ration      |     1 |     1 |     1 ||     3
       Chunk             |       |     1 |       ||     1
       Beef jerky        |       |       |     2 ||     2
       Meat ration       |       |       |     1 ||     1
